 Dungeon Crawl Stone Soup version 0.32-a0-329-ge6c31236d6 (webtiles) character file.

Game seed: 5568006635951788185

12517 jasper the Spear-Bearer (level 11, -8/89 HPs)
             Began as a Mummy Gladiator on Feb 16, 2024.
             Was a Follower of Beogh.
             Killed from afar by a gargoyle (12 damage)
             ... with a stone arrow
             ... on level 10 of the Dungeon.
             The game lasted 00:17:39 (10931 turns).

jasper the Spear-Bearer (Mummy Gladiator)          Turns: 10931, Time: 00:17:39

Health: -8/89      AC: 21    Str: 22    XL:     11   Next: 63%
Magic:  23/23      EV:  9    Int:  7    God:    Beogh [*.....]
Gold:   411        SH:  0    Dex: 14    Spells: 10/10 levels left

rFire   . . .        v - +3 trident
rCold   + . .        (no shield)
rNeg    + + +        y - +2 chain mail {rF+}
rPois   ∞            p - +2 hat
rElec   .            D - +2 cloak
rCorr   .            J - +0 pair of gloves
SInv    .            t - +1 pair of boots
Will    +....        (no amulet) Stlth
                     A - ring of magical power
HPRegen 0.34/turn    (no ring)
MPRegen 0.18/turn

%: faith
@: no status effects
A: cold resistance 1, negative energy resistance 3, torment resistance 2, heat
vulnerability 1, in touch with death 1, no potions, faith
a: Renounce Religion, Recall Apostles


You were on level 10 of the Dungeon.
You worshipped Beogh.
Beogh was aware of your devotion.
You visited 1 branch of the dungeon, and saw 11 of its levels.
You visited the Abyss 1 time.

You collected 411 gold pieces.

Inventory:

Hand Weapons
 a - a +0 trident
 v - a +3 trident (weapon)
 x - a +0 halberd
Missiles
 d - 2 throwing nets
 e - 12 javelins
 m - 7 boomerangs (quivered)
 n - 118 stones
 o - 4 atropa-tipped darts
 s - 3 curare-tipped darts
 B - 3 poisoned darts
Armour
 b - a +0 leather armour
 c - a +0 helmet
 k - a +0 plate armour
 p - a +2 hat (worn)
 t - a +1 pair of boots (worn)
 y - a +2 chain mail of fire resistance (worn)
 D - a +2 cloak (worn)
 J - a +0 pair of gloves (worn)
Jewellery
 A - a ring of magical power (left hand)
Wands
 u - a wand of paralysis (15)
 z - a wand of mindburst (9)
 C - a wand of digging (5)
 E - a wand of flame (21)
Scrolls
 f - a scroll of brand weapon
 g - 3 scrolls of blinking
 h - 3 scrolls of enchant weapon
 i - 3 scrolls of poison
 j - 3 scrolls of revelation
 l - 2 scrolls of amnesia
 q - a scroll of noise
 r - 2 scrolls of enchant armour
 w - a scroll of identify
 H - a scroll of silence
 I - a scroll of immolation
 K - 3 scrolls of vulnerability
Miscellaneous
 F - a phantom mirror (inert)


   Skills:
 + Level 9.1 Fighting
 * Level 10.8 Polearms
 - Level 3.4 Throwing
 + Level 7.3 Armour
 - Level 2.4 Dodging
 - Level 5.0 Invocations


You had 10 spell levels left.
You didn't know any spells.
Your spell library contained the following spells:

 Spells                   Type           Power      Damage    Failure   Level
 Apportation              Tloc           0%         N/A       94%         1
 Freeze                   Ice            0%         1d3       94%         1
 Necrotise                Necr           0%         1d4       94%         1
 Shock                    Conj/Air       0%         1d3       94%         1
 Sting                    Conj/Alch      0%         1d3       94%         1
 Summon Small Mammal      Summ           0%         N/A       94%         1
 Scorch                   Fire           0%         2d5       98%         2
 Static Discharge         Conj/Air       0%         3-3/arc   98%         2
 Call Canine Familiar     Summ           0%         N/A       100%        3
 Frozen Ramparts          Ice            0%         1d1       100%        3
 Hailstorm                Conj/Ice       0%         3d5       100%        3
 Inner Flame              Hex/Fire       0%         N/A       100%        3
 Swiftness                Air            0%         N/A       100%        3
 Airstrike                Air            0%         2d(0-16)  100%        4
 Flame Wave               Conj/Fire      0%         2d4       100%        4
 Manifold Assault         Tloc           0%         N/A       100%        4
 Summon Blazeheart Golem  Fire/Summ      0%         N/A       100%        4
 Summon Lightning Spire   Summ/Air       0%         N/A       100%        4
 Irradiate                Conj/Alch      0%         3d11      100%        5
 Dispersal                Tloc           0%         N/A       100%        6
 Summon Cactus Giant      Summ           0%         N/A       100%        6
 Disjunction              Tloc           0%         N/A       100%        8
 Ignition                 Fire           0%         3d3       100%        8


Dungeon Overview and Level Annotations

Branches:
Dungeon (11/15)            Temple (0/1) D:6
   Lair: D:8-11         Orc: D:9-12

Altars:
Ashenzari
Okawaru
Ru
Sif Muna
Vehumet
Wu Jian
Xom
Yredelemnul


Innate Abilities, Weirdness & Mutations

Your facial features look somewhat orcish.
You are immune to poison.
Your flesh is cold resistant. (rC+)
You are immune to negative energy. (rN+++)
You are immune to unholy pain and torment.
You are vulnerable to heat. (rF-)
You are in touch with the powers of death.
You do not drink.
You have a special connection with the divine. (Faith)


Message History

You take 19 damage, and have 45/89 hp.
MASSIVE DAMAGE!!
You hit the gargoyle but do no damage.
The gargoyle is heavily damaged.
The gargoyle hits you but does no damage.
You hit the gargoyle.
The gargoyle is heavily damaged.
The gargoyle hurls a stone arrow at you.
The stone arrow misses you.
You hit the gargoyle.
The gargoyle is heavily damaged.
You hit the gargoyle but do no damage.
The gargoyle is heavily damaged.
The gargoyle hits you with a +0 mace.
You take 6 damage, and have 40/89 hp.
You hit the gargoyle.
The gargoyle is severely damaged.
The gargoyle hits you with a +0 mace!
You take 7 damage, and have 33/89 hp.
You hit the gargoyle but do no damage.
The gargoyle is severely damaged.
The gargoyle hits you but does no damage.
You hit the gargoyle but do no damage.
The gargoyle is severely damaged.
You puncture the gargoyle!
The gargoyle is almost destroyed.
The gargoyle hurls a stone arrow at you.
The stone arrow hits you!
* * * LOW HITPOINT WARNING * * *
You take 15 damage, and have 19/89 hp.
You barely miss the gargoyle.
The gargoyle is almost destroyed.
The gargoyle hurls a stone arrow at you.
The stone arrow hits you!
* * * LOW HITPOINT WARNING * * *
You take 15 damage, and have 4/89 hp.
You hit the gargoyle but do no damage.
The gargoyle is almost destroyed.
The gargoyle hurls a stone arrow at you.
The stone arrow hits you!
You die...

#..# #.## ###. ######.###
#####'##### ##### #....)[..#
#.........# #....
#........####.........# #....
#........#..'.........# #....
#.......o#.##.........# #....
...........##.........##### #...<
#........####.<.9.....'...###....
#..(.....# #...@>....###.....[..
#........# #####'##### #####....
###.###### #.### ##### #..# #...#
##.# ####'### #.# ####......#
####'########..'......#
#......#......##......#
'.....)'.#######......#


You could see a gargoyle.

Vanquished Creatures
  Harold (D:10)
  A two-headed ogre (D:10)
  Sonja (D:10)
  2 thrashing horrors (Abyss:2)
  Pikel (D:8)
  2 starcursed masses (Abyss:2)
  An unseen horror (D:10)
  3 ancient zymes (Abyss:2)
  A troll (D:9)
  A hornet (D:10)
  A spriggan (D:9)
  Grum (D:9)
  A wyvern (D:9)
  11 yaks (D:10)
  3 orc warriors
  2 sky beasts
  An ice beast (D:6)
  2 black bears (D:6)
  2 ogres
  A centaur (D:4)
  2 phantoms
  4 wolves (D:9)
  3 lemures (D:8)
  3 bullfrogs (D:8)
  A gnoll sergeant (D:10)
  2 scorpions
  9 wights
  9 killer bees (D:9)
  An electric eel (D:7)
  4 howler monkeys
  A jelly (D:4)
  Crazy Yiuf (D:7)
  4 orc priests
  5 sleepcaps
  4 hounds
  2 iguanas
  Terence (D:3)
  7 orc wizards
  2 human simulacra (D:8)
  11 gnolls
  6 adders
  A white imp (D:8)
  2 ufetubi (D:6)
  4 dart slugs
  4 ribbon worms
  18 orcs
  8 ball pythons
  5 bats
  7 endoplasms
  2 giant cockroaches
  4 goblins
  4 hobgoblins
  6 jackals (D:4)
  A frilled lizard (D:1)
  4 kobolds
  5 rats
196 creatures vanquished.

Vanquished Creatures (collateral kills)
  A two-headed ogre (D:10)
  3 yaks (D:10)
  2 ufetubi (Abyss:2)
6 creatures vanquished.

Vanquished Creatures (others)
  An orc apostle (Abyss:2)
  An orc (D:6)
2 creatures vanquished.

Grand Total: 204 creatures vanquished

Notes
Turn   | Place    | Note
-------+----------+-------------------------------------------
     0 | D:1      | jasper the Mummy Gladiator began the quest for the Orb.
     0 | D:1      | Reached XP level 1. HP: 16/16 MP: 1/1
    39 | D:1      | Reached XP level 2. HP: 20/22 MP: 2/2
   669 | D:1      | Reached XP level 3. HP: 28/28 MP: 3/3
   766 | D:2      | Reached skill level 3 in Polearms
   878 | D:2      | Reached skill level 1 in Armour
  1049 | D:2      | Reached XP level 4. HP: 34/34 MP: 4/4
  1749 | D:3      | Found an ornate altar of the Wu Jian Council.
  1750 | D:3      | Noticed Terence
  1767 | D:3      | Killed Terence
  1768 | D:3      | Reached XP level 5. HP: 40/40 MP: 5/5
  2285 | D:4      | Noticed a centaur
  2306 | D:3      | Reached skill level 4 in Polearms
  2374 | D:4      | Killed a centaur
  2375 | D:4      | Reached XP level 6. HP: 20/47 MP: 6/6
  2570 | D:4      | Reached XP level 7. HP: 49/53 MP: 7/7
  2972 | D:4      | Found a shimmering altar of Xom.
  3168 | D:4      | Reached skill level 5 in Polearms
  3577 | D:5      | Entered Level 5 of the Dungeon
  3589 | D:5      | You fall into a shaft and drop 2 floors!
  3822 | D:7      | Became a worshipper of Beogh the Shepherd
  3877 | D:6      | Found a staircase to the Ecumenical Temple.
  4034 | D:7      | Reached XP level 8. HP: 22/61 MP: 8/8
  4701 | D:5      | Reached skill level 5 in Fighting
  4701 | D:5      | Reached skill level 6 in Polearms
  4984 | D:5      | Found a basalt altar of Yredelemnul.
  5269 | D:5      | Found a sacrificial altar of Ru.
  5295 | D:5      | Reached * piety under Beogh
  5825 | D:6      | Reached skill level 7 in Polearms
  6042 | D:6      | Reached XP level 9. HP: 53/69 MP: 9/9
  6732 | D:7      | Found an iron altar of Okawaru.
  6760 | D:7      | Found a radiant altar of Vehumet.
  6892 | D:7      | Identified the +11 dagger of Red Wine {speed, rElec Will+}
  6935 | D:7      | Found a runed translucent door.
  6936 | D:7      | Noticed Crazy Yiuf
  7312 | D:7      | Killed Crazy Yiuf
  7312 | D:7      | Reached ** piety under Beogh
  7780 | D:8      | Noticed Pikel
  7820 | D:8      | Paralysed by Pikel for 3 turns
  7830 | D:8      | Killed Pikel
  7831 | D:8      | Reached skill level 8 in Polearms
  7831 | D:8      | Reached skill level 5 in Armour
  8052 | D:9      | Noticed a troll
  8062 | D:9      | Killed a troll
  8269 | D:9      | Found a broken altar of Ashenzari.
  8271 | D:9      | Found a shimmering blue altar of Sif Muna.
  8521 | D:9      | Noticed Grum
  8547 | D:9      | Reached XP level 10. HP: 71/79 MP: 10/10
  8572 | D:9      | Killed Grum
  8802 | D:9      | Reached skill level 9 in Polearms
  9310 | D:10     | Entered Level 10 of the Dungeon
  9599 | D:10     | Reached *** piety under Beogh
  9623 | D:10     | Noticed a two-headed ogre
  9656 | D:10     | Killed a two-headed ogre
  9656 | D:10     | Noticed Beowulf
  9674 | D:10     | Anointed Beowulf the priest as your apostle
  9786 | D:10     | Reached skill level 1 in Invocations
  9970 | D:10     | Noticed a two-headed ogre
  9972 | D:10     | Killed a two-headed ogre
 10049 | D:10     | Reached XP level 11. HP: 57/86 MP: 14/14
 10057 | D:10     | Reached skill level 5 in Invocations
 10209 | D:10     | Reached skill level 10 in Polearms
 10300 | D:10     | Noticed Harold
 10301 | D:10     | Noticed Sonja
 10303 | Abyss:2  | Cast into level 2 of the Abyss (Sonja)
 10315 | Abyss:2  | Noticed a thrashing horror
 10316 | Abyss:2  | Noticed a thrashing horror
 10325 | Abyss:2  | Killed a thrashing horror
 10328 | Abyss:2  | Killed a thrashing horror
 10328 | Abyss:2  | Noticed a white very ugly thing
 10331 | Abyss:2  | Noticed a white very ugly thing
 10332 | Abyss:2  | Noticed a white very ugly thing
 10333 | Abyss:2  | Noticed a white very ugly thing
 10336 | Abyss:2  | Your ally Beowulf died
 10347 | Abyss:2  | Found a corrupted altar of Lugonu.
 10350 | Abyss:2  | Noticed a starcursed mass
 10355 | Abyss:2  | Found a corrupted altar of Lugonu.
 10355 | Abyss:2  | Found a corrupted altar of Lugonu.
 10355 | Abyss:2  | Found a corrupted altar of Lugonu.
 10359 | Abyss:2  | Noticed a starcursed mass
 10523 | Abyss:2  | Noticed a starcursed mass
 10567 | Abyss:2  | Killed a starcursed mass
 10568 | Abyss:2  | Killed a starcursed mass
 10571 | D:10     | Escaped the Abyss
 10588 | D:10     | Paralysed by Harold for 3 turns
 10591 | D:10     | Killed Sonja
 10604 | D:10     | Killed Harold
 10930 | D:10     | HP: 4/89 [gargoyle/stone arrow (15)]
 10931 | D:10     | Killed from afar by a gargoyle

Illustrated notes

Levels and vault maps discovered:
D:1:      dpeg_arrival_boxorama, layout_basic
D:2:      layout_basic
D:3:      layout_rooms, mainiacjoe_overflow_six_doors_small, uniq_terence
D:4:      layout_basic, dk_xom_monty_hall
D:5:      layout_loops_cross, lemuel_doored_altar,
          mainiacjoe_overflow_cross_hatched
D:6:      layout_basic, minmay_temple_entry_ruins
D:7:      layout_basic, mainiacjoe_overflow_catch_the_wave, serial_bayou,
          serial_bayou_pond_a, serial_bayou_shore_b, serial_bayou_pond_e,
          serial_bayou_shore_b, uniq_crazy_yiuf_cottage
D:8:      layout_basic, bh_circular_ruins, uniq_pikel
D:9:      layout_roguey, mainiacjoe_overflow_alcove_3, the_hattery, uniq_grum
D:10:     layout_roguey, uniq_harold, uniq_sonja
D:11:     layout_roguey, hellmonk_lair_entry_icy, hiddenorc2_lemuel,
          serial_shops, nicolae_shop_drivethru, uniq_snorg

Skill      XL: |  1  2  3  4  5  6  7  8  9 10 11 |
---------------+----------------------------------+-----
Polearms       | 3 4 5 7 8 9 10 | 10.8
Throwing       | 2 3 |  3.4
Armour         | 1 2 3 4 5 6 7 |  7.3
Fighting       | 3 4 5 7 8 9 |  9.1
Invocations    | 4 5 |  5.0
Dodging        | |  2.4

Action                     |  1- 3 |  4- 6 |  7- 9 | 10-12 || total
---------------------------+-------+-------+-------+-------++-------
  Melee: Trident           |    75 |   145 |   546 |   335 ||  1101
  Throw: Boomerang         |       |       |    59 |    15 ||    74
         Dart              |       |       |     5 |     4 ||     9
         Throwing net      |       |       |     3 |     1 ||     4
 Invoke: Convert to Beogh  |       |       |     1 |       ||     1
         Smiting           |       |       |       |    19 ||    19
         Recruit Apostle   |       |       |       |     1 ||     1
         Recall Apostles   |       |       |       |     1 ||     1
  Evoke: Wand              |       |       |     2 |     6 ||     8
         Phantom mirror    |       |       |       |     2 ||     2
    Use: Scroll            |       |    11 |     5 |     4 ||    20
   Stab: Held in net/web   |       |       |     2 |     2 ||     4
         Paralysed         |       |       |     8 |    19 ||    27
 Armour: Leather armour    |    20 |       |       |       ||    20
         Plate armour      |    27 |   121 |   330 |       ||   478
         Chain mail        |       |       |   116 |   260 ||   376
  Dodge: Dodged            |    24 |    29 |   151 |   108 ||   312

Table legend: (Time is in decaauts)
 A = Elapsed time spent in this place.
 B = Non-inter-level travel time spent in this place.
 C = Inter-level travel time spent in this place.
 D = Time resting spent in this place.
 E = Time spent auto-exploring this place.
 F = Levels seen in this place.
 G = Mean time per level.
                   A        B        C        D        E       F      G
               +--------+--------+--------+--------+--------+-----+--------+
         Total |  10899 |  10657 |    242 |   1306 |   6965 |  12 |  908.2 |
       Dungeon |  10640 |  10398 |    242 |   1241 |   6934 |  11 |  967.3 |
         Abyss |    258 |    258 |      0 |     64 |     31 |   1 |  258.0 |
               +--------+--------+--------+--------+--------+-----+--------+

Top non-repeatable levels by time:
     D:6: 1543 daAuts
    D:10: 1295 daAuts
     D:9: 1259 daAuts
     D:4: 1253 daAuts
     D:7: 1161 daAuts
     D:5: 1061 daAuts
     D:2: 1010 daAuts
     D:1: 710 daAuts
     D:8: 664 daAuts
     D:3: 664 daAuts
 Abyss:2: 258 daAuts
    D:11: 16 daAuts
